 Dungeon Crawl Stone Soup version 0.31-a0-876-gfe8ebadbca (webtiles) character file.

Game seed: 10396820601937650543

2 CowFu the Trooper (level 1, -7/24 HPs)
             Began as an Ogre Fighter on Oct 13, 2023.
             Succumbed to a goblin's poison
             ... on level 1 of the Dungeon.
             The game lasted 00:00:24 (198 turns).

CowFu the Trooper (Ogre Fighter)                     Turns: 198, Time: 00:00:24

Health: -7/24      AC:  3    Str: 19    XL:     1   Next: 40%
Magic:  1/1        EV:  8    Int:  9    God:
Gold:   0          SH:  7    Dex:  8    Spells: 0/0 levels left

rFire   . . .        a - +0 flail
rCold   . . .        c - +0 kite shield
rNeg    . . .        b - +0 robe
rPois   .            (helmet restricted)
rElec   .            (no cloak)
rCorr   .            (gloves unavailable)
SInv    .            (boots unavailable)
Will    .....        (no amulet)
Stlth   +            (no ring)
HPRegen 0.24/turn    (no ring)
MPRegen 0.07/turn

%: no passive effects
@: mighty, lethally poisoned (-7 -> -34)
A: large, unfitting armour, tough skin 1
a: no special abilities


You were on level 1 of the Dungeon.
You visited 1 branch of the dungeon, and saw 1 of its levels.

Inventory:

Hand Weapons
 a - a +0 flail (weapon)
Armour
 b - a +0 robe (worn)
 c - a +0 kite shield (worn)


   Skills:
 + Level 4.1 Fighting
 + Level 1.8 Maces & Flails
 - Level 2.6 Dodging
 + Level 3.0 Shields


You couldn't memorise any spells.
You didn't know any spells.
Your spell library was empty.

Dungeon Overview and Level Annotations

Branches:
Dungeon (1/15)

Altars:


Innate Abilities, Weirdness & Mutations

You are too large for most types of armour.
You have tough skin. (AC +1)


Message History

The endoplasm freezes you.
You are frozen.
You barely miss the endoplasm. You block the endoplasm's attack.
The endoplasm hits you but does no damage.
You sock the endoplasm!
You kill the endoplasm!
No target in view!
HP restored.
There is a stone staircase leading down here.
There is a stone staircase leading down here.
A goblin comes into view. It is wielding a +0 dagger of venom.
The goblin shouts!
A goblin is nearby!
A goblin is nearby!
A goblin is nearby!
The goblin hits you but does no damage.
You are poisoned.
You barely miss the goblin.
You feel very sick.
The goblin hits you with a +0 dagger of venom.
You are more poisoned.
You closely miss the goblin.
You feel very sick. The goblin hits you but does no damage.
You are lethally poisoned!
The goblin hits you with a +0 dagger of venom.
You are more poisoned.
You closely miss the goblin.
* * * LOW HITPOINT WARNING * * *
You feel extremely sick. You block the goblin's attack.
You are too injured to fight recklessly!
You are too injured to fight recklessly!
You feel very mighty all of a sudden.
* * * LOW HITPOINT WARNING * * *
You feel very sick. The goblin hits you but does no damage.
You are more poisoned.
You barely miss the goblin.
You die...

#.##......#
#.##..#.#####
#.##.........
#.......#####
#..#.########
#............
###
#..##########
#...######..#
#
#..g@......#
#
############
# # # # # #
#### ###
##### ###
##.##


You could see a goblin.

Vanquished Creatures
  An endoplasm (D:1)
  A giant cockroach (D:1)
2 creatures vanquished.

Notes
Turn   | Place    | Note
-------+----------+-------------------------------------------
     0 | D:1      | CowFu the Ogre Fighter began the quest for the Orb.
     0 | D:1      | Reached XP level 1. HP: 24/24 MP: 1/1
   197 | D:1      | HP: 1/24 [poisoned by a goblin]
   198 | D:1      | Succumbed to a goblin's poison

Illustrated notes

Levels and vault maps discovered:
D:1:      lightli_arrival_windingriver, layout_basic, serial_curves,
          eino_curves_02, eino_curves_03, shapermc_ecumenical_altar_mp_vishouse

Action                     || total
---------------------------++-------
  Melee: Flail             ||    12
    Use: Potion            ||     1
 Armour: Robe              ||    10
  Dodge: Dodged            ||     2
  Block: Kite shield       ||     3

Table legend: (Time is in decaauts)
 A = Elapsed time spent in this place.
 B = Non-inter-level travel time spent in this place.
 C = Inter-level travel time spent in this place.
 D = Time resting spent in this place.
 E = Time spent auto-exploring this place.
 F = Levels seen in this place.
 G = Mean time per level.
                   A        B        C        D        E       F      G
               +--------+--------+--------+--------+--------+-----+--------+
         Total |    202 |    202 |      0 |      0 |    174 |   1 |  202.0 |
       Dungeon |    202 |    202 |      0 |      0 |    174 |   1 |  202.0 |
               +--------+--------+--------+--------+--------+-----+--------+

Top non-repeatable levels by time:
     D:1: 202 daAuts
